 Dungeon Crawl Stone Soup version 0.23.2-40-g277498a001 (webtiles) character file.

Game seed: 18131411504551136929

2916 Curus the Cleaver (level 9, -13/74 HPs)
             Began as a Minotaur Fighter on Oct 21, 2019.
             Was a Priest of Okawaru.
             Mangled by Urug
             ... wielding a +1 war axe of venom
              (22 damage)
             ... on level 1 of the Lair of Beasts.
             The game lasted 00:29:42 (6307 turns).

Curus the Cleaver (Minotaur Fighter)                Turns: 6307, Time: 00:29:43

Health: -13/74     AC: 15    Str: 22    XL:     9   Next: 50%
Magic:  7/8        EV:  6    Int: 11    God:    Okawaru [***...]
Gold:   377        SH:  5    Dex: 10    Spells: 8/8 levels left

rFire    . . .     SeeInvis +   a - +1 war axe
rCold    . . .     Gourm    .   v - +1 buckler of the Onion {rPois}
rNeg     . . .     Faith    +   u - +1 plate armour
rPois    +         Spirit   .   (helmet unavailable)
rElec    .         Reflect  .   g - +0 cloak
rCorr    +         Harm     .   D - +0 pair of gloves (curse)
MR       .....                  (no boots)
Stlth    ..........             y - amulet of faith
HPRegen  0.22/turn              e - ring of resist corrosion
MPRegen  0.11/turn              p - ring of see invisible

@: no status effects
A: retaliatory headbutt, hooves 1, horns 3, clever 2
a: Heroism, Renounce Religion


You were on level 1 of the Lair of Beasts.
You worshipped Okawaru.
Okawaru was most pleased with you.
You were not hungry.

You visited 3 branches of the dungeon, and saw 10 of its levels.
You also visited: Sewer.

You collected 377 gold pieces.

Inventory:

Hand Weapons
 a - a +1 war axe (weapon)
Armour
 b - a +0 scale mail
 c - a +0 shield
 g - a +0 cloak (worn)
 n - a +0 chain mail
 u - a +1 plate armour (worn)
 v - the +1 buckler of the Onion (worn) {rPois}
   (You found it on level 6 of the Dungeon)

   It protects you from poison.
 D - a cursed +0 pair of gloves (worn)
Jewellery
 e - a ring of resist corrosion (left hand)
 j - an uncursed ring of magical power
 l - an uncursed amulet of harm
 p - a ring of see invisible (right hand)
 x - an uncursed amulet of the acrobat
 y - an amulet of faith (around neck)
Wands
 q - a wand of random effects (14)
 t - a wand of digging (6)
 w - a wand of scattershot (6)
 z - a wand of clouds (6)
 A - a wand of disintegration (12)
 C - a wand of flame (28)
Scrolls
 h - 3 scrolls of remove curse
 i - a scroll of identify
 m - 7 scrolls of teleportation
 r - a scroll of fear
Potions
 d - a potion of haste
 k - a potion of heal wounds
 o - 2 potions of resistance
 s - 6 potions of flight
 B - a potion of berserk rage
Comestibles
 f - 11 rations
 E - 5 chunks of flesh


   Skills:
 + Level 5.1 Fighting
 - Level 14.3 Axes
 + Level 5.1 Armour
 - Level 3.6 Shields


You had 8 spell levels left.
You didn't know any spells.
Your spell library was empty.

Dungeon Overview and Level Annotations

Branches:
Dungeon (8/15)             Temple (1/1) D:5            Lair (1/6) D:8

Altars:
Ashenzari
Cheibriados
Dithmenos
Elyvilon
Fedhas
Gozag
Kikubaaqudgha
Makhleb
Nemelex Xobeh
Okawaru
Qazlal
Ru
Sif Muna
Trog
Vehumet
Wu Jian
Xom
Yredelemnul
Zin

Annotations:
Lair:1 Urug


Innate Abilities, Weirdness & Mutations

You reflexively headbutt those who attack you in melee.
You have a pair of large horns on your head.
You have large cloven feet.
Your mind is very acute. (Int +4)


Message History

Urug is heavily wounded.
You closely miss Urug. You kick Urug, but do no damage.
Urug is heavily wounded.
Urug hits you but does no damage.
You hit Urug but do no damage.
Urug is heavily wounded.
You miss Urug. Your kick misses Urug.
Urug is heavily wounded.
Urug hits you with a +1 war axe of venom!
You hit Urug but do no damage. Your headbutt misses Urug.
Urug is heavily wounded.
You closely miss Urug. Your kick misses Urug.
Urug is heavily wounded.
Urug hits you with a +1 war axe of venom!!
* * * LOW HITPOINT WARNING * * *
You closely miss Urug. You kick Urug! You headbutt Urug!
Urug is severely wounded.
You feel like a meek peon again.
Urug hits you with a +1 war axe of venom!!
You die...

.......##.##.......#
# #.......†..........
..#.......#..........
....###..#....##...#
#..##.##....###...
##.....########....
#...(..### ##...
##.......# #)#..
#@......# ##...
##o.....# #...
?.#..### #P...
#.###..# ###.. .. .##
#.. o.. .. ... ..


You could see Urug.

Vanquished Creatures
  A hornet (D:7)
  Edmund (D:4)
  A water moccasin (D:6)
  Duvessa (D:4)
  A phantom (D:5)
  A black bear (D:6)
  A sky beast (D:6)
  2 ogres
  2 centaurs (D:7)
  5 wolves (Lair:1)
  A crocodile (D:7)
  3 bullfrogs
  Dowan (D:4)
  2 scorpions
  2 crimson imps
  A centaur zombie (D:7)
  An orc priest (D:3)
  2 bullfrog skeletons
  5 hounds
  3 orc wizards
  2 iguanas
  Ijyb (D:4)
  Natasha (thrice) (D:2)
  A merfolk siren (Sewer)
  3 worker ants
  A merfolk avatar (Sewer)
  A howler monkey zombie (D:7)
  A worker ant zombie (D:7)
  7 gnolls
  6 adders
  An adder zombie (D:7)
  3 adder skeletons
  A worm (D:2)
  3 dart slugs
  5 leopard geckos
  16 orcs
  10 ball pythons
  5 bats
  7 giant cockroaches
  5 hobgoblins
  2 jackals (D:3)
  4 quokkas
  10 frilled lizards
  5 goblins
  A jackal skeleton (D:5)
  12 kobolds
  2 leopard gecko zombies (D:5)
  A quokka skeleton (D:4)
  28 rats
  A plant (D:3)
185 creatures vanquished.

Notes
Turn   | Place    | Note
-------+----------+-------------------------------------------
     0 | D:1      | Curus the Minotaur Fighter began the quest for the Orb.
     0 | D:1      | Reached XP level 1. HP: 19/19 MP: 0/0
   284 | D:1      | Reached skill level 3 in Axes
   300 | D:1      | Reached XP level 2. HP: 24/26 MP: 1/1
   785 | D:2      | Noticed Natasha
   789 | D:2      | Noticed a crimson imp
   799 | D:1      | HP: 1/26 [leopard gecko (3)]
  1137 | D:2      | Killed Natasha
  1137 | D:2      | Reached skill level 4 in Axes
  1137 | D:2      | Reached XP level 3. HP: 31/31 MP: 2/2
  1250 | D:2      | Noticed Natasha
  1272 | D:2      | Killed Natasha
  1272 | D:2      | Reached skill level 5 in Axes
  1272 | D:2      | Reached XP level 4. HP: 36/39 MP: 3/3
  1295 | D:2      | Noticed Natasha
  1305 | D:2      | Killed Natasha
  1618 | D:2      | Reached skill level 6 in Axes
  1914 | D:3      | Reached XP level 5. HP: 44/45 MP: 4/4
  1940 | D:3      | Reached skill level 7 in Axes
  2357 | D:3      | Reached XP level 6. HP: 32/51 MP: 5/5
  2841 | D:4      | Reached skill level 8 in Axes
  2891 | D:4      | Noticed Duvessa
  2897 | D:4      | Killed Duvessa
  2897 | D:4      | Reached skill level 9 in Axes
  2897 | D:4      | Noticed Dowan
  2902 | D:4      | Killed Dowan
  2902 | D:4      | Reached XP level 7. HP: 48/57 MP: 6/6
  2919 | D:4      | Gained mutation: You have a pair of large horns on your
                  | head. [potion of mutation]
  2919 | D:4      | Gained mutation: You have large cloven feet. [potion of
                  | mutation]
  2919 | D:4      | Gained mutation: Your mind is acute. (Int +2) [potion of
                  | mutation]
  2919 | D:4      | Gained mutation: Your mind is very acute. (Int +4) [potion
                  | of mutation]
  2956 | D:4      | Found a snail-covered altar of Cheibriados.
  2990 | D:4      | Noticed Edmund
  3000 | D:4      | Killed Edmund
  3010 | D:4      | HP: 1/57 [iguana (9)]
  3012 | D:4      | Reached skill level 10 in Axes
  3305 | D:4      | Noticed Ijyb
  3314 | D:4      | Killed Ijyb
  3417 | D:5      | Entered Level 5 of the Dungeon
  3459 | D:5      | Found a sparkling altar of Nemelex Xobeh.
  3584 | D:5      | Reached skill level 11 in Axes
  3641 | D:5      | Reached XP level 8. HP: 28/64 MP: 7/7
  3842 | D:5      | Found a staircase to the Ecumenical Temple.
  3851 | Temple   | Entered the Ecumenical Temple
  3880 | Temple   | Became a worshipper of Warmaster Okawaru
  4389 | D:6      | Found a glowing drain.
  4404 | Sewer    | Entered a sewer
  4608 | Sewer    | Reached skill level 12 in Axes
  4780 | D:6      | Got a brightly glowing buckler
  4894 | D:6      | Reached * piety under Okawaru
  4913 | D:6      | Reached skill level 13 in Axes
  5153 | D:6      | Found a shadowy altar of Dithmenos.
  5670 | D:7      | Noticed a hornet
  5682 | D:7      | Reached ** piety under Okawaru
  5682 | D:7      | Reached XP level 9. HP: 45/70 MP: 8/8
  5694 | D:7      | Paralysed by a hornet for 1 turns
  5696 | D:7      | Reached skill level 14 in Axes
  5893 | D:7      | Found a burning altar of Makhleb.
  5918 | D:7      | Found a radiant altar of Vehumet.
  5986 | D:7      | Found a blossoming altar of Fedhas.
  6060 | D:7      | Found an ancient bone altar of Kikubaaqudgha.
  6159 | D:7      | Identified the +1 buckler of the Onion {rPois} (You found
                  | it on level 6 of the Dungeon)
  6215 | D:8      | Found a staircase to the Lair.
  6230 | Lair:1   | Entered Level 1 of the Lair of Beasts
  6263 | Lair:1   | Reached *** piety under Okawaru
  6282 | Lair:1   | Reached skill level 5 in Fighting
  6282 | Lair:1   | Reached skill level 5 in Armour
  6288 | Lair:1   | Noticed Urug
  6307 | Lair:1   | Mangled by Urug

Skill      XL: |  1  2  3  4  5  6  7  8  9 |
---------------+----------------------------+-----
Axes           | 3 4 5 6 7 9 11 13 14 | 14.3
Fighting       | 5 |  5.1
Armour         | 5 |  5.1
Shields        | |  3.6

Action                   |  1- 3 |  4- 6 |  7- 9 || total
-------------------------+-------+-------+-------++-------
Melee: War axe           |    59 |   166 |   299 ||   524
       Headbutt          |     7 |    12 |    48 ||    67
       Kick              |       |       |    64 ||    64
Invok: Heroism           |       |       |     1 ||     1
  Use: Scroll            |     7 |     1 |     7 ||    15
       Potion            |     5 |     4 |     4 ||    13
  Eat: Chunk             |     1 |     6 |    11 ||    18
Armor: Scale mail        |    22 |       |       ||    22
       Chain mail        |    10 |    82 |     7 ||    99
       Plate armour      |       |       |   121 ||   121
Dodge: Dodged            |    22 |    40 |    46 ||   108
Block: Shield            |    35 |    89 |    97 ||   221
       Buckler           |       |       |    17 ||    17
